 Dungeon Crawl Stone Soup version 0.29-a0-356-g7bc237e783 (webtiles) character file.

Game seed: 15498662363029259750

20 spaghetti the Gusty (level 2, -2/20 HPs)
             Began as a Gnoll Wanderer on Apr 25, 2022.
             Was a Follower of Makhleb.
             Slain by an iguana (5 damage)
             ... on level 2 of the Dungeon.
             The game lasted 00:01:48 (1207 turns).

spaghetti the Gusty (Gnoll Wanderer)                Turns: 1207, Time: 00:01:48

Health: -2/20      AC:  4    Str: 11    XL:     2   Next: 79%
Magic:  0/5        EV: 13    Int: 13    God:    Makhleb [*.....]
Gold:   50         SH:  4    Dex: 11    Spells: 5/6 levels left

rFire   + . .      SeeInvis .   a - +0 dagger {short}
rCold   + . .      Faith    .   (no shield)
rNeg    . . .      Spirit   .   c - +0 robe
rPois   +          Reflect  .   (no helmet)
rElec   +          Harm     .   (no cloak)
rCorr   +          Rampage  .   d - +0 pair of gloves
Will    .....                   (no boots)
Stlth   ++........              (no amulet)
HPRegen 0.06/turn               (no ring)
MPRegen 0.09/turn               (no ring)

@: resistant
A: fangs 1, strong nose, distributed training, iridescent scales 1, large bone
plates 1, deformed body, strong 1
a: Renounce Religion


You were on level 2 of the Dungeon.
You worshipped Makhleb.
Makhleb was aware of your devotion.
You visited 1 branch of the dungeon, and saw 2 of its levels.

You collected 50 gold pieces.


Innate Abilities, Weirdness & Mutations

You have very sharp teeth.
Your uncanny sense of smell can sniff out nearby items.
Your experience applies equally to all skills.
You are partially covered in iridescent scales. (AC +2)
You are partially covered in large bone plates. (SH +4)
Armour fits poorly on your strangely shaped body.
Your muscles are strong. (Str +2)


   Skills:
 + Level 0.5 Fighting
 + Level 0.5 Short Blades
 + Level 0.5 Long Blades
 + Level 0.5 Axes
 + Level 0.5 Maces & Flails
 + Level 0.5 Polearms
 + Level 0.5 Staves
 + Level 0.5 Slings
 + Level 0.5 Bows
 + Level 0.5 Crossbows
 + Level 0.5 Throwing
 + Level 0.5 Armour
 + Level 4.5 Dodging
 + Level 2.3 Stealth
 + Level 0.5 Shields
 + Level 0.5 Unarmed Combat
 + Level 2.7 Spellcasting
 + Level 0.3 Conjurations
 + Level 0.3 Hexes
 + Level 0.3 Summonings
 + Level 0.3 Necromancy
 + Level 3.7 Translocations
 + Level 0.3 Transmutations
 + Level 0.3 Fire Magic
 + Level 0.3 Ice Magic
 + Level 7.0 Air Magic
 + Level 0.3 Earth Magic
 + Level 0.3 Poison Magic
 + Level 0.6 Invocations
 + Level 0.5 Evocations


You had 5 spell levels left.
You knew the following spells:

 Your Spells              Type           Power      Damage    Failure   Level
a - Shock                 Conj/Air       44%        1d5       5%          1

Your spell library contained the following spells:

 Spells                   Type           Power      Damage    Failure   Level
 Apportation              Tloc           22%        N/A       5%          1
 Corpse Rot               Necr/Air       22%        N/A       8%          2
 Portal Projectile        Hex/Tloc       14%        N/A       30%         3
 Summon Lightning Spire   Summ/Air       11%        N/A       45%         4

Inventory:

Hand Weapons
 a - a +0 dagger (weapon) {short}
Missiles
 j - 3 stones {throwing}
Armour
 c - a +0 robe (worn)
 d - a +0 pair of gloves (worn)
Scrolls
 f - a scroll of immolation {unknown}
 g - a scroll of noise {unknown}
Potions
 b - a potion of cancellation
 e - a potion of resistance
 i - 2 potions of brilliance {unknown}
 k - 3 potions of attraction {unknown}

Dungeon Overview and Level Annotations

Branches:
Dungeon (2/15)

Altars:
Makhleb

Shops:
D:1

( .##.##.#
#.#####
.##.##.#
#.....#
....##.#
#####.#
..#.##.# #.#
....##<# #.#
.......# #.#
#.###### . #.#
#..
....########.#
###
......l@.....#
.##.##########
∆


You could see an iguana.


Message History

Key pressed, stopping explore.
You now have 50 gold pieces (gained 16).
Key pressed, stopping explore.
You see here a +0 ring mail.
Done exploring.
Done exploring.
Done exploring.
Done exploring.
(D) Dungeon
Where to? (? - help)
You see here a +0 ring mail.
There is a stone staircase leading down here.
You climb downwards.
There is a stone staircase leading up here.
Unknown command.
Unknown command.
Key pressed, stopping explore.
e - 2 bubbling purple potions (gained 1)
An iguana comes into view.
The zap hits the iguana.
The iguana hisses angrily. 😎 MP[-1]
You lost 1 mp, and now have 4/5 mp.
The zap hits the iguana.
The zap hits the iguana.
The zap hits the iguana.
The zap hits the iguana.
No target in range!
No target in range!
No target in range!
No target in range!
No target in range!
No target in range! 😎 MP[-4]
You lost 4 mp, and now have 0/5 mp.
No target in range!
No target in range!
No target in range!
No target in range!
No target in range!
No target in range!
No target in range!
No target in range!
No target in range!
No target in range!
No target in range!
No target in range!
No target in range!
No target in range!
No target in range!
No target in range!
No target in range!
No target in range!
No target in range!
The iguana closely misses you.
You hit the iguana but do no damage. The iguana bites you. 😕 HP[-2]
You take 2 damage, and now have 18/20 hp.
You hit the iguana but do no damage. Your bite misses the iguana.
The iguana barely misses you.
You closely miss the iguana. The iguana closely misses you.
You barely miss the iguana. The iguana barely misses you.
You hit the iguana. The iguana bites you. 😮 HP[-4] MP[+1]
You take 4 damage, and now have 14/20 hp.
You hit the iguana but do no damage. The iguana bites you. 😮 HP[-2]
You take 2 damage, and now have 12/20 hp.
You hit the iguana but do no damage. The iguana bites you.
* * * LOW HITPOINT WARNING * * *
😨 HP[-6]
You take 6 damage, and now have 6/20 hp.
MASSIVE DAMAGE!! (PAUSE)
Casting: Shock (safe; 5% risk of failure)
Confirm with . or Enter, or press ? or * to list all spells.
Aiming: Shock (safe; 5% risk of failure)
Press: ? - help, Shift-Dir - straight line, f/p - iguana
Aim: an iguana (almost dead, 72% to hit)
The zap hits the iguana but does no damage.
The iguana bites you but does no damage. 😨 MP[-1]
You lost 1 mp, and now have 0/5 mp.
Casting: Shock (safe; 5% risk of failure)
Confirm with . or Enter, or press ? or * to list all spells.
You don't have enough magic to cast this spell.
You aren't carrying any items that you can evoke.
It was a potion of cancellation.
You feel magically purged. The iguana barely misses you.
It was a potion of resistance.
You feel protected. The iguana bites you.
* * * LOW HITPOINT WARNING * * *
😱 HP[-4]
You take 4 damage, and now have 2/20 hp.
It was a potion of mutation.
You feel extremely strange.
Iridescent scales grow over part of your body.
Your body twists and deforms.
You feel stronger.
Large bone plates grow over parts of your arms.
The iguana bites you.
You die...

Action                   || total
-------------------------++-------
Melee: Dagger            ||    39
       Bite              ||     3
 Cast: Shock             ||    35
  Use: Potion            ||     4
Armor: Skin              ||     5
       Robe              ||     4
Dodge: Dodged            ||    29

Levels and vault maps discovered:
D:1:      lightli_arrival_statuegarden, layout_loops_ring, serial_shops,
          nicolae_shop_hallway_plus, basic_ecumenical_altar
D:2:      kennysheep_big_flooded_room, layout_loops_cross, serial_shops, shop,
          kennysheep_boxes

Notes
Turn   | Place    | Note
-------+----------+-------------------------------------------
     0 | D:1      | spaghetti the Gnoll Wanderer began the quest for the Orb.
     0 | D:1      | spaghetti set off with the following items: a +0 dagger
                  | {short}, a potion of lignification {!q}, a +0 robe, a +0
                  | pair of gloves; and the following spells available to
                  | memorise: Apportation, Shock, Corpse Rot, Portal
                  | Projectile, Summon Lightning Spire
     0 | D:1      | Reached XP level 1. HP: 13/13 MP: 4/4
     0 | D:1      | magus.rc [v1.9.6]
     2 | D:1      | Learned a level 1 spell: Shock
    67 | D:1      | HP: 3/13 [hobgoblin (4)]
    73 | D:1      | HP: 3/19 [hobgoblin (2)]
   343 | D:1      | Found Naeduff's Weapon Shoppe.
   362 | D:1      | Reached XP level 2. HP: 16/19 MP: 0/5
   486 | D:1      | Found a faded altar of an unknown god.
   507 | D:1      | Prayed at the altar of an unknown god.
   507 | D:1      | Became a worshipper of Makhleb the Destroyer
   507 | D:1      | Reached * piety under Makhleb
  1206 | D:2      | HP: 2/20 [iguana (4)]
  1207 | D:2      | Gained mutation: You are partially covered in iridescent
                  | scales. (AC +2) [potion of mutation]
  1207 | D:2      | Gained mutation: Armour fits poorly on your strangely
                  | shaped body. [potion of mutation]
  1207 | D:2      | Gained mutation: Your muscles are strong. (Str +2) [potion
                  | of mutation]
  1207 | D:2      | Gained mutation: You are partially covered in large bone
                  | plates. (SH +4) [potion of mutation]
  1207 | D:2      | Slain by an iguana

Vanquished Creatures
  2 giant cockroaches (D:1)
  3 goblins (D:1)
  A hobgoblin (D:1)
  3 jackals (D:1)
  A quokka (D:1)
  2 bats (D:1)
  2 frilled lizards (D:1)
  A kobold (D:1)
  5 rats (D:1)
20 creatures vanquished.

Table legend:
 A = Non-vault XP
 B = Vault XP
 C = Vault XP percentage of total XP
 D = Non-vault monster count
 E = Vault monster count
 F = Vault count percentage of total count
                 A         B        C        D         E       F
            +---------+---------+-------+---------+---------+-------
      Total |      29 |       0 |   0.0 |      20 |       0 |   0.0
            +---------+---------+-------+---------+---------+-------
        D:1 |      29 |       0 |   0.0 |      20 |       0 |   0.0
            +---------+---------+-------+---------+---------+-------

Illustrated notes

Table legend:
 A = Kills in this place as a percentage of kills in entire the game.
 B = Kills by you in this place as a percentage of kills by you in the entire game.
 C = Kills by friends in this place as a percentage of kills by friends in the entire game.
 D = Other kills in this place as a percentage of other kills in the entire game.
 E = Experience gained in this place as a percentage of experience gained in the entire game.
 F = Experience gained in this place divided by the number of levels of this place that you have seen.
                   A       B       C       D       E      F
               +-------+-------+-------+-------+-------+----------------------
         Total | 100.0 | 100.0 |   N/A |   N/A | 100.0 |  14.5
       Dungeon | 100.0 | 100.0 |   N/A |   N/A | 100.0 |  14.5
               +-------+-------+-------+-------+-------+----------------------

Table legend: (Time is in decaauts)
 A = Elapsed time spent in this place.
 B = Non-inter-level travel time spent in this place.
 C = Inter-level travel time spent in this place.
 D = Time resting spent in this place.
 E = Time spent auto-exploring this place.
 F = Levels seen in this place.
 G = Mean time per level.
                   A        B        C        D        E       F      G
               +--------+--------+--------+--------+--------+-----+--------+
         Total |   1206 |   1185 |     21 |    181 |    868 |   2 |  603.0 |
       Dungeon |   1206 |   1185 |     21 |    181 |    868 |   2 |  603.0 |
               +--------+--------+--------+--------+--------+-----+--------+

Top non-repeatable levels by time:
     D:1: 1107 daAuts
     D:2: 98 daAuts
